 Dungeon Crawl Stone Soup version 0.18.1-48-g4cf74bf (webtiles) character file.

39 PossumBlood the Magician (level 3, 0/19 HPs)
             Began as a Deep Elf Wizard on July 18, 2016.
             Slain by a gnoll
             ... wielding a +0 spear
              (7 damage)
             ... on level 2 of the Dungeon.
             The game lasted 00:04:16 (1767 turns).

PossumBlood the Magician (Deep Elf Wizard)          Turns: 1767, Time: 00:04:17

Health: 0/19       AC:  2    Str:  4    XL:     3   Next: 28%
Magic:  6/12       EV: 12    Int: 23    God:
Gold:   44         SH:  0    Dex: 13    Spells: 1 memorised, 13 levels left

rFire  . . .     SeeInvis .     n - -2 dagger (curse)
rCold  . . .     Gourm    .     a - +0 robe
rNeg   . . .     Faith    .     (no shield)
rPois  .         Spirit   .     b - +0 hat
rElec  .         Dismiss  .     (no cloak)
rCorr  .         Reflect  .     (no gloves)
SustAt .         Harm     .     (no boots)
MR     .....                    (no amulet)
Stlth  ++........               (no ring)
                                (no ring)

@: not resistant to hostile enchantments, unstealthy
A: no striking features
a: no special abilities


You were on level 2 of the Dungeon.
You were not hungry.

You visited 1 branch of the dungeon, and saw 2 of its levels.

You collected 44 gold pieces.

Inventory:

Hand Weapons
 g - a +1 dagger
 n - a cursed -2 dagger (weapon)
Missiles
 l - 6 exploding tomahawks (quivered)
 m - 8 tomahawks of returning
 o - 4 tomahawks
Armour
 a - a +0 robe (worn)
 b - a +0 hat (worn)
Scrolls
 f - a scroll of fear
 i - a scroll of teleportation
Potions
 e - 2 potions of flight
 h - a potion of cancellation {unknown}
 k - a potion of degeneration {unknown}
Books
 c - a book of Minor Magic

   Spells                             Type                      Level
   a - Magic Dart                     Conjuration                  1
   b - Blink                          Translocation                2
   c - Call Imp                       Summoning                    2
   d - Repel Missiles                 Charms/Air                   2
   e - Slow                           Hexes                        2
   f - Conjure Flame                  Conjuration/Fire             3
   g - Mephitic Cloud                 Conjuration/Poison/Air       3
Comestibles
 d - a bread ration
 j - a beef jerky


   Skills:
 - Level 2.4 Dodging
 - Level 2.4 Stealth
 * Level 6.1 Spellcasting
 - Level 1.1 Conjurations
   Level 1.1 Summonings
   Level 1.1 Translocations


You had 13 spell levels left.
You knew the following spells:

 Your Spells              Type           Power        Failure   Level  Hunger
a - Magic Dart            Conj           ##..         6%          1    None


Dungeon Overview and Level Annotations

Branches:
Dungeon (2/15)

Altars:


Message History

The magic dart hits the gnoll.
The gnoll is severely wounded.
The gnoll barely misses you. The giant gecko misses you.
Casting: Magic Dart
Confirm with . or Enter, or press ? or * to list all spells.
Aiming: Magic Dart
Press: ? - help, Shift-Dir - straight line, f/p - gnoll
Aim: a gnoll, wielding a spear (severely wounded)
The magic dart hits the giant gecko.
The gnoll hits you from afar with a spear!
The giant gecko bites you.
Casting: Magic Dart
Confirm with . or Enter, or press ? or * to list all spells.
Aiming: Magic Dart
Press: ? - help, Shift-Dir - straight line, f/p - gnoll
Aim: a gnoll, wielding a spear (severely wounded)
The magic dart hits the giant gecko.
The giant gecko is moderately wounded.
The gnoll hits you from afar with a spear!
You die...

#.# #.# ##
####.# ##
.# #....#
g# #.
#....#
#.#.###
###.##
.g... #.#
##l.# #.#
#.@.######
#)#
#.........
#.#
#...######
#.# ##)##
#.# #.#
#)# #(#
#.## #.#
#.#. # #.#
#... #.#.#
###.


You could see 2 gnolls and a giant gecko.

Vanquished Creatures
  A dart slug (D:1)
  A giant gecko (D:2)
  A ball python (D:2)
  2 bats
  2 giant cockroaches (D:2)
  5 goblins (D:2)
  7 hobgoblins
  A quokka (D:2)
  3 giant newts
  4 kobolds
  7 rats
34 creatures vanquished.

Notes
Turn   | Place    | Note
--------------------------------------------------------------
     0 | D:1      | PossumBlood the Deep Elf Wizard began the quest for the Orb.
     0 | D:1      | Reached XP level 1. HP: 10/10 MP: 7/7
   369 | D:1      | Reached skill level 5 in Spellcasting
   470 | D:1      | Reached XP level 2. HP: 15/15 MP: 8/10
  1519 | D:2      | Reached XP level 3. HP: 19/19 MP: 2/12
  1545 | D:2      | Reached skill level 6 in Spellcasting
  1767 | D:2      | Slain by a gnoll

Skill      XL: |  1  2  3 |
---------------+----------+-----
Spellcasting   | 5 6 |  6.1
Dodging        | |  2.4
Stealth        | |  2.4
Conjurations   | |  1.1
Summonings     | |  1.1
Translocations | |  1.1

Action                   || total
-------------------------++-------
 Cast: Magic Dart        ||    86
  Use: Scroll            ||     6
  Eat: Bread ration      ||     1
Armor: Robe              ||     2
Dodge: Dodged            ||     8
